 Dungeon Crawl Stone Soup version 0.27-a0-412-g8dd771e (webtiles) character file.

Game seed: 9527146153807610083

9 MrTaco21 the Shield-Bearer (level 2, -3/19 HPs)
             Began as a Gargoyle Fighter on Feb 23, 2021.
             Killed from afar by Natasha (7 damage)
             ... with a magic dart
             ... on level 2 of the Dungeon.
             The game lasted 00:02:12 (1080 turns).

MrTaco21 the Shield-Bearer (Gargoyle Fighter)       Turns: 1080, Time: 00:02:13

Health: -3/19      AC: 10    Str: 19    XL:     2   Next: 12%
Magic:  2/2        EV:  7    Int:  8    God:
Gold:   23         SH:  9    Dex:  9    Spells: 1/1 levels left

rFire    . . .     SeeInvis +   a - +0 flail
rCold    . . .     Faith    .   c - +0 kite shield
rNeg     + . .     Spirit   .   b - +0 scale mail
rPois    ∞         Reflect  .   (no helmet)
rElec    +         Harm     .   (no cloak)
rCorr    .         Rampage  .   e - +0 pair of gloves
Will     .....                  (no boots)
Stlth    ..........             g - amulet of the acrobat
HPRegen  0.06/turn              z - ring of see invisible
MPRegen  0.08/turn              (no ring)

@: slowed, very slow
A: negative energy resistance 1, electricity resistance, unbreathing,
petrification resistance, miasma immunity, AC +2
a: no special abilities


You were on level 2 of the Dungeon.
You visited 1 branch of the dungeon, and saw 2 of its levels.

You collected 23 gold pieces.

Inventory:

Hand Weapons
 a - a +0 flail (weapon)
Missiles
 l - 10 poisoned darts (quivered)
Armour
 b - a +0 scale mail (worn)
 c - a +0 kite shield (worn)
 e - a +0 pair of gloves (worn)
   (You found it on level 1 of the Dungeon)
Jewellery
 f - a ring of ice
   (You found it on level 1 of the Dungeon)
 g - an amulet of the acrobat (around neck)
   (You found it on level 1 of the Dungeon)
 z - a ring of see invisible (left hand)
   (You found it on level 1 of the Dungeon)
Scrolls
 i - 2 scrolls of enchant armour {unknown}
 j - 2 scrolls of identify {unknown}
 k - a scroll of enchant weapon {unknown}
Potions
 d - a potion of might
 h - a potion of heal wounds {unknown}


   Skills:
 - Level 3.2 Fighting
 + Level 2.8 Maces & Flails
 - Level 3.2 Armour
 - Level 3.2 Shields


You had one spell level left.
You didn't know any spells.
Your spell library was empty.

Dungeon Overview and Level Annotations

Branches:
Dungeon (2/15)

Altars:

Annotations:
D:2 Natasha


Innate Abilities, Weirdness & Mutations

You are resistant to torment.
Your stone body is resilient. (AC +2)
You are immune to poison.
You resist negative energy. (rN+)
You are resistant to electric shocks. (rElec)
You can survive without breathing.
You are immune to petrification.
You are immune to miasma.


Message History

Natasha stares at you and mumbles some strange words.
You feel yourself slow down.
The crimson imp summons a swarm of flies.
The crimson imp hits you but does no damage.
You barely miss Natasha. Natasha casts a spell at you. The magic dart hits you.
The crimson imp barely misses you. You block Natasha's attack.
The crimson imp hits you but does no damage.
Unknown command.
You barely miss Natasha. Natasha claws you but does no damage.
The crimson imp blinks!
Natasha barely misses you.
The crimson imp blinks!
Unknown command.
You sock Natasha!
Natasha stares at you and mumbles some strange words.
The magic dart hits you but does no damage.
You block Natasha's attack.
Natasha drinks a potion.
Natasha is healed!
Unknown command.
You thump Natasha!
The crimson imp disappears in a puff of smoke!
Natasha barely misses you. You block Natasha's attack.
Unknown command.
You barely miss Natasha. You block Natasha's attack.
Natasha claws you but does no damage.
Unknown command.
You closely miss Natasha. Natasha claws you.
Natasha claws you but does no damage.
Unknown command.
You hit Natasha. You block Natasha's attack.
Natasha claws you but does no damage. You block Natasha's attack.
Unknown command.
You closely miss Natasha. Natasha claws you.
* * * LOW HITPOINT WARNING * * *
Natasha mewls in sadness.
Natasha mumbles some strange words.
Your shield and scale mail prevent you from hitting Natasha.
You feel yourself speed up. Natasha closely misses you.
The crimson imp blinks!
Natasha claws you.
* * * LOW HITPOINT WARNING * * *
You closely miss Natasha. You block Natasha's attack. Natasha claws you.
* * * LOW HITPOINT WARNING * * *
You barely miss Natasha. The crimson imp completely misses you.
Natasha stares at you and mumbles some strange words.
You feel yourself slow down. The crimson imp barely misses you.
You barely miss Natasha. Natasha claws you but does no damage.
The crimson imp barely misses you.
Natasha stares at you and mumbles some strange words.
The magic dart hits you!
You die...

#######
#.....#
#.###.# #.#
#.# #.# #.#
#.# #<# .
###.######...
#............
#.#.#@5......
#.#.#h...####
# #.#....#
#......#
########


You could see Natasha and a crimson imp (summoned).

Vanquished Creatures
  A giant cockroach (D:1)
  A goblin (D:1)
  3 hobgoblins (D:1)
  A frilled lizard (D:1)
  2 rats (D:1)
8 creatures vanquished.

Notes
Turn   | Place    | Note
-------+----------+-------------------------------------------
     0 | D:1      | MrTaco21 the Gargoyle Fighter began the quest for the Orb.
     0 | D:1      | Reached XP level 1. HP: 14/14 MP: 1/1
   488 | D:1      | Reached XP level 2. HP: 15/19 MP: 2/2
  1062 | D:2      | Noticed Natasha
  1065 | D:2      | Noticed a crimson imp
  1077 | D:2      | Noticed a crimson imp
  1080 | D:2      | Killed from afar by Natasha

Illustrated notes

Levels and vault maps discovered:
D:1:      dpeg_arrival_round_b, layout_basic
D:2:      layout_basic, nicolae_overflow_hidden_temple, uniq_jessica,
          uniq_natasha

Action                   || total
-------------------------++-------
Melee: Flail             ||    61
Armor: Scale mail        ||    30
Dodge: Dodged            ||    20
Block: Kite shield       ||    34

Table legend: (Time is in decaauts)
 A = Elapsed time spent in this place.
 B = Non-inter-level travel time spent in this place.
 C = Inter-level travel time spent in this place.
 D = Time resting spent in this place.
 E = Time spent auto-exploring this place.
 F = Levels seen in this place.
 G = Mean time per level.
                   A        B        C        D        E       F      G
               +--------+--------+--------+--------+--------+-----+--------+
         Total |   1115 |   1047 |     68 |      0 |    885 |   2 |  557.5 |
       Dungeon |   1115 |   1047 |     68 |      0 |    885 |   2 |  557.5 |
               +--------+--------+--------+--------+--------+-----+--------+

Top non-repeatable levels by time:
     D:1: 1065 daAuts
     D:2: 49 daAuts
